 Dungeon Crawl Stone Soup version 0.23-a0-536-g5e0f5a2 (webtiles) character file.

141834 PeterMcNeter the Grappler (level 16, -6/139 HPs)
             Began as a White Draconian Transmuter on Dec 6, 2018.
             Was the Champion of Cheibriados.
             Mangled by a merfolk impaler
             ... wielding a +3 trident of flaming
              (10 damage)
             ... on level 4 of the Shoals.
             The game lasted 01:35:43 (32428 turns).

PeterMcNeter the Grappler (DrTm)                   Turns: 32428, Time: 01:35:44

Health: -6/139     AC: 20    Str: 30    XL:     16   Next: 79%
Magic:  19/28      EV: 24    Int: 35    God:    Cheibriados [******]
Gold:   1765       SH:  0    Dex: 29    Spells: 13/31 levels left

rFire    . . .     SeeInvis +     - Unarmed
rCold    + . .     Gourm    .   (shield currently unavailable)
rNeg     + . .     Faith    .   (armour unavailable)
rPois    .         Spirit   .   W - +2 hat
rElec    +         Reflect  .   q - +2 cloak
rCorr    .         Harm     .   (gloves currently unavailable)
MR       +....                  p - +2 pair of boots {Fly}
Stlth    ++........             R - amulet of regeneration
HPRegen  1.73/turn              k - ring "Atweyba" {+Blink rElec rN+ Int+4 Slay+4}
MPRegen  0.21/turn              U - +3 ring of protection

@: blade hands, flying, regenerating, glowing, drained, very slow
A: breathe frost, unfitting armour, beak, hooves 1, see invisible, cold
resistance 1, wild magic 1, evolution 1, cold-blooded, AC +9
a: Breathe Frost, End Transformation, Bend Time, Temporal Distortion, Slouch,
Step From Time, Renounce Religion, Evoke Blink, Stop Flying


You were on level 4 of the Shoals.
You worshipped Cheibriados.
Cheibriados was exalted by your worship.
You were not hungry.
You had blades for hands.
You visited 5 branches of the dungeon, and saw 28 of its levels.
You also visited: Bailey.

You collected 3166 gold pieces.
You spent 1401 gold pieces at shops.

Inventory:

Missiles
 e - 910 arrows
Armour
 h - a +0 buckler (melded)
 m - a +0 pair of gloves (melded)
 p - a +2 pair of boots of flying (worn)
 q - a +2 cloak (worn)
 W - a +2 hat (worn)
Magical Staves
 r - an uncursed staff of summoning
Jewellery
 b - an uncursed ring of poison resistance
 k - the ring "Atweyba" (left scythe-like blade) {+Blink rElec rN+ Int+4 Slay+4}
   (You bought it in a shop on level 9 of the Dungeon)

   [ring of positive energy]

   It affects your intelligence (+4).
   It affects your accuracy and damage with ranged weapons and melee attacks
   (+4).
   It insulates you from electricity.
   It protects you from negative energy.
   It lets you blink.
 J - an uncursed ring of fire
 R - an amulet of regeneration (around neck)
 U - a +3 ring of protection (right scythe-like blade)
Wands
 a - a wand of digging (6)
 f - a wand of acid (8)
 g - a wand of disintegration (40)
 x - a wand of clouds (4)
 B - a wand of flame (24)
 D - a wand of iceblast (16)
 M - a wand of scattershot (3)
 N - a wand of paralysis (27)
 Z - a wand of polymorph (20)
Scrolls
 i - 6 scrolls of enchant armour
 n - 16 scrolls of remove curse
 o - 3 scrolls of fog
 s - 5 scrolls of enchant weapon
 t - 9 scrolls of teleportation
 u - 9 scrolls of amnesia
 w - a scroll of blinking
 y - a scroll of immolation {unknown}
 A - 10 scrolls of magic mapping
 E - 3 scrolls of brand weapon
 H - a scroll of silence
 I - 2 scrolls of vulnerability {unknown}
 S - a scroll of torment {unknown}
 Y - 2 scrolls of fear
Potions
 j - 3 potions of invisibility
 v - 2 potions of resistance
 z - 2 potions of mutation
 C - 3 potions of might
 F - 5 potions of cancellation
 G - 2 potions of brilliance
 K - 2 potions of magic
 O - 3 potions of ambrosia
 P - 10 potions of curing
Miscellaneous
 d - a lightning rod (4/4)
 l - a phantom mirror
Comestibles
 c - 45 rations
 L - 6 chunks of flesh


   Skills:
 - Level 12.0(10.9) Fighting
 + Level 11.9(10.9) Dodging
 - Level 4.0(3.1) Stealth
 - Level 4.0(3.1) Shields
 + Level 14.4(13.2) Unarmed Combat
 + Level 8.3(7.3) Spellcasting
 + Level 6.4(5.4) Charms
 + Level 6.9(5.9) Necromancy
 - Level 8.0(7.0) Transmutations
   Level 5.0(4.1) Ice Magic
   Level 4.0(3.1) Poison Magic
 - Level 12.0(10.9) Invocations
 - Level 8.0(7.0) Evocations


You had 13 spell levels left.
You knew the following spells:

 Your Spells              Type           Power        Failure   Level  Hunger
c - Petrify               Tmut/Erth      #####...     50%         4    None
d - Summon Lightning Spi  Summ/Air       ###.....     82%         4    None
r - Regeneration          Chrm/Necr      ######....   21%         3    None
s - Sticks to Snakes      Tmut           ######..     14%         2    None
x - Blade Hands           Tmut           ######....   41%         5    ####...

Your spell library contained the following spells:

 Spells                   Type           Power        Failure   Level  Hunger
 Beastly Appendage        Tmut           ######       13%         1    None
 Infusion                 Chrm           ####         16%         1    None
 Song of Slaying          Chrm           ######..     17%         2    None
 Passwall                 Tmut/Erth      #####...     22%         2    None
 Spider Form              Tmut/Pois      ######....   24%         3    None
 Sting                    Conj/Pois      ####         26%         1    None
 Shroud of Golubria       Chrm/Tloc      #####.....   26%         2    None
 Poisonous Vapours        Pois/Air       ####..       32%         2    None
 Flame Tongue             Conj/Fire      ###..        34%         1    None
 Magic Dart               Conj           ###.         34%         1    None
 Sandblast                Erth           ###...       34%         1    None
 Summon Small Mammal      Summ           ###.         34%         1    None
 Spectral Weapon          Hex/Chrm       #####...     34%         3    None
 Ice Form                 Ice/Tmut       ######..     34%         4    None
 Call Imp                 Summ           ###.....     41%         2    None
 Searing Ray              Conj           ###...       41%         2    None
 Throw Flame              Conj/Fire      ###...       41%         2    None
 Mephitic Cloud           Conj/Pois/Air  ####....     45%         3    None
 Olgreb's Toxic Radiance  Pois           #####...     52%         4    None
 Call Canine Familiar     Summ           ###.....     54%         3    None
 Conjure Flame            Conj/Fire      ###.....     54%         3    None
 Dazzling Spray           Conj/Hex       ###...       54%         3    None
 Inner Flame              Hex/Fire       ###.....     54%         3    None
 Stone Arrow              Conj/Erth      ###...       54%         3    None
 Summon Guardian Golem    Hex/Summ       ###.....     54%         3    None
 Summon Ice Beast         Ice/Summ       #####...     63%         4    None
 Force Lance              Conj/Tloc      ###.....     82%         4    None
 Fulminant Prism          Conj/Hex       ###.......   82%         4    None
 Iskenderun's Mystic Bla  Conj           ###.....     82%         4    None
 Sticky Flame             Conj/Fire      ###.....     82%         4    None
 Venom Bolt               Conj/Pois      ####......   88%         5    ####...
 Fireball                 Conj/Fire      ###.......   96%         5    ####...
 Lee's Rapid Deconstruct  Erth           ###.......   96%         5    ####...


Dungeon Overview and Level Annotations

Branches:
Dungeon (15/15)            Temple (1/1) D:4            Lair (6/6) D:10
 Shoals (4/4) Lair:4        Snake (0/4) Lair:4        Slime (0/5) Lair:5
    Orc (2/2) D:12            Elf (0/3) Orc:2        Vaults (0/5) D:13
 Depths (0/5) D:15

Altars:
Ashenzari
Cheibriados
Dithmenos
Elyvilon
Fedhas
Gozag
Hepliaklqana
Kikubaaqudgha
Makhleb
Nemelex Xobeh
Okawaru
Qazlal
Sif Muna
Trog
Uskayaw
Vehumet
Xom
Yredelemnul
Zin
The Shining One
Beogh

Shops:
D:6 ?   D:9 =   D:12 *   Orc:2 [(}   Shoals:2 =[

Annotations:
D:7 exclusion: statue
Lair:3 exclusion: hydra


Innate Abilities, Weirdness & Mutations

You can breathe waves of freezing cold.
You can buffet flying creatures when you breathe cold.
Your icy white scales are hard. (AC +9)
You cannot fit into any form of body armour.
Your flesh is cold resistant. (rC+)
You are cold-blooded and may be slowed by cold attacks.
You have a beak for a mouth.
You have large cloven feet.
You have supernaturally acute eyesight. (SInv)
Your spells are a little harder to cast, but a little more powerful.
You evolve.


Message History

Unknown command.
Unknown command.
You closely miss the merfolk. You peck the merfolk.
The merfolk is lightly wounded.
The merfolk impaler closely misses you.
The faun shoots a stone.
The stone completely misses you.
You hear a splash.
The merfolk barely misses you.
The merfolk siren chants its luring song.
The merfolk impaler misses you.
Unknown command.
Unknown command.
You slice the merfolk!! You peck the merfolk! You tail-slap the merfolk!
The merfolk is almost dead.
The faun shoots a stone.
The stone hits you but does no damage.
You hear a splash.
The faun shoots a stone.
The stone closely misses you.
You hear a splash.
The merfolk hits you but does no damage.
The merfolk impaler completely misses you.
The merfolk siren chants its luring song.
Unknown command.
Unknown command.
You shred the merfolk!!!
You kill the merfolk!
Cheibriados thoroughly appreciates the change of pace.
You hear a splash. x2
The satyr unwields a +0 spear.
The satyr wields a +0 fustibalus.
The satyr shoots a sling bullet.
The sling bullet closely misses you.
You hear a splash.
The merfolk impaler completely misses you.
The faun gestures at you while chanting.
You resist with some effort. The faun casts a spell at you.
You are outlined in light.
Unknown command.
Unknown command.
The merfolk siren misses you.
The merfolk impaler completely misses you.
The faun casts a spell at you. You resist with some effort.
The satyr plays a frightful melody on his pipes!
The satyr radiates an aura of fear!
You are terrified of the satyr!
The faun shoots a stone.
The stone hits you!
* * * LOW HITPOINT WARNING * * *
You hear a splash.
The merfolk impaler hits you with a +3 trident of flaming.
* * * LOW HITPOINT WARNING * * *
The merfolk impaler burns you.
* * * LOW HITPOINT WARNING * * *
The merfolk siren chants its luring song.
The merfolk impaler hits you with a +3 trident of flaming!
* * * LOW HITPOINT WARNING * * *
The merfolk impaler burns you.
* * * LOW HITPOINT WARNING * * *
The faun shoots a stone.
The stone misses you.
You hear a splash.
The satyr shoots a sling bullet.
The sling bullet misses you.
You hear a splash.
Things that are here:
a sling bullet; 2 stones
As you read the scroll of summoning, it crumbles to dust.
Wisps of shadow whirl around you... The merfolk siren closely misses you.
The merfolk impaler closely misses you.
The faun shoots a stone.
The stone barely misses you.
You hear a splash.
Okay, then.
You barely miss the merfolk impaler.
You peck the merfolk impaler, but do no damage.
The merfolk impaler hits you with a +3 trident of flaming!
* * * LOW HITPOINT WARNING * * *
The merfolk impaler burns you!
* * * LOW HITPOINT WARNING * * *
The merfolk siren chants its luring song.
The faun gestures at you while chanting.
You resist with some effort.
The merfolk impaler hits you with a +3 trident of flaming.
* * * LOW HITPOINT WARNING * * *
The merfolk impaler burns you.
* * * LOW HITPOINT WARNING * * *
Blink to where?
Press: ? - help, Dir - move target cursor You cannot blink away from the merfolk siren!
Blink to where?
Press: ? - help, Dir - move target cursor, f - you
Okay, then.
Invisibility will do you no good right now; use anyway?
Okay, then.
As you read the scroll of fear, it crumbles to dust.
You assume a fearsome visage.
The merfolk impaler looks frightened!
The satyr looks frightened!
The merfolk siren looks frightened!
The faun looks frightened! x2; The merfolk siren stops singing.
You are no longer entranced.
You are no longer terrified.
Your merfolk siren closely misses the merfolk impaler.
Your water nymph touches the merfolk impaler!
Your water nymph's attack snaps the merfolk impaler out of its fear.
Your merfolk hits the merfolk impaler with a +0 trident!
The merfolk impaler hits you with a +3 trident of flaming!
You die...

≈≈≈≈≈≈≈≈≈≈≈≈≈≈≈≈≈≈....
≈≈≈≈≈≈≈≈≈≈≈≈≈≈≈≈≈≈≈≈≈...
≈≈≈≈≈≈≈≈≈≈≈≈≈≈≈≈≈≈≈≈≈≈..
≈≈≈≈≈≈≈≈≈≈≈≈≈≈≈≈≈≈≈≈≈≈≈.
≈≈≈≈≈≈≈≈≈≈≈(≈≈≈≈≈≈≈≈≈≈≈.
≈≈≈≈≈≈≈≈≈≈≈≈≈≈≈≈≈≈≈≈(≈≈≈
≈≈≈≈≈m≈≈≈m(†##≈≈≈#≈≈≈≈≈≈
≈≈≈≈≈≈≈mm(≈≈#######)(≈≈≈
≈c≈≈≈≈≈@m≈≈## #≈≈##≈≈.
≈≈c≈≈≈≈((≈≈#≈≈≈≈≈≈≈##...
≈≈≈≈≈≈)≈≈≈≈##.#≈#≈###...
≈≈≈≈≈≈≈≈≈≈## ≈≈ ≈≈ #≈≈..
≈≈≈≈≈≈≈≈≈≈# #≈ ≈#≈ ##≈≈.
≈≈≈≈≈≈≈≈≈≈≈#≈ ≈≈≈≈ #≈≈≈
≈≈≈≈≈≈≈≈≈≈## ≈# ≈≈ ##≈≈≈
≈≈≈≈≈≈≈≈≈≈≈ ## ### .≈≈≈≈
≈≈≈≈≈≈≈≈≈≈≈≈ ..≈≈≈


You could see a merfolk impaler, a satyr (fleeing), a faun (fleeing), a merfolk
siren (fleeing), a friendly merfolk, a friendly merfolk siren and a friendly
water nymph.

Vanquished Creatures
  Polyphemus (Shoals:2)
  A kraken (Shoals:2)
  The ghost of Aczak the Phalangite, an adept MfBe of Trog (Shoals:1)
  Ilsuiw (Shoals:2)
  Louise (D:15)
  3 orc warlords
  A stone giant (Orc:2)
  A dire elephant (D:15)
  2 merfolk javelineers
  Josephine (Lair:4)
  5 merfolk impalers
  The ghost of jerryfan the Geomancer, a journeyman GrEE of Vehumet (D:12)
  An ogre mage (D:15)
  A vault guard (D:13)
  5 hydras
  An ice dragon (Lair:5)
  A catoblepas (Shoals:2)
  4 centaur warriors
  A merfolk aquamancer (Shoals:3)
  A death knight (D:13)
  2 merfolk avatars
  A satyr (Shoals:3)
  2 tengu warriors
  6 two-headed ogres
  3 death yaks (Shoals:2)
  An orc high priest (Orc:2)
  A fire crab (Lair:5)
  An unseen horror (D:11)
  9 sea snakes
  An orc knight (D:14)
  17 harpies
  2 orc sorcerers (Orc:2)
  3 deep elf magi
  5 ugly things
  A wolf spider (D:15)
  7 cyclopes
  17 elephants
  9 manticores
  7 fauns
  Maurice (D:10)
  A water nymph (Shoals:3)
  10 merfolk sirens
  3 black mambas
  An ice statue (Lair:4)
  2 gargoyles (D:15)
  16 spiny frogs
  A torpor snail (Lair:6)
  5 komodo dragons
  A freezing wraith (D:14)
  A redback zombie (D:14)
  2 tengu conjurers
  18 merfolk
  A meliai (D:13)
  8 trolls
  6 polar bears (Lair:6)
  8 wind drakes
  11 hippogriffs
  2 hornets (Lair:6)
  2 slime creatures (D:15)
  A raiju (shapeshifter) (D:15)
  2 snapping turtles
  17 blink frogs
  16 dream sheep
  9 water elementals
  6 wraiths
  11 spriggans
  Sigmund (D:4)
  48 yaks
  2 vampires
  2 shadows
  10 humans (D:13)
  2 wyverns
  4 basilisks
  5 hungry ghosts
  4 vampire mosquitoes (D:15)
  4 nagas (Lair:4)
  Menkaure (D:4)
  A steam dragon (Lair:4)
  2 wargs
  An acid dragon (D:15)
  11 water moccasins
  62 orc warriors
  7 porcupines
  3 sky beasts
  4 black bears
  13 ice beasts
  A necrophage (D:8)
  14 ogres
  26 wolves
  27 centaurs
  3 eyes of draining
  5 boggarts (Lair:6)
  2 phantoms (D:12)
  15 crocodiles
  Blork the orc (D:6)
  14 bullfrogs
  A big kobold (D:13)
  A water moccasin zombie (D:2)
  A water moccasin skeleton (D:9)
  5 scorpions
  2 troll zombies (D:12)
  9 killer bees
  7 wights (D:12)
  10 howler monkeys
  5 electric eels
  4 centaur zombies
  11 crimson imps
  3 bullfrog zombies
  5 hounds
  5 jellies
  18 orc priests
  4 bullfrog skeletons
  28 orc wizards
  Jessica (D:2)
  7 centaur skeletons
  6 iguanas
  4 hell rats (Lair:3)
  10 worker ants
  6 ogre zombies (D:12)
  A worker ant zombie (D:10)
  14 adders
  7 gnolls
  4 shadow imps
  A white imp (Lair:4)
  5 worms
  2 dart slugs
  10 leopard geckos
  119 orcs
  3 ball pythons
  10 giant cockroaches
  12 goblins
  15 hobgoblins
  6 jackals
  4 quokkas
  A ball python skeleton (D:6)
  5 bats
  7 frilled lizards
  A goblin skeleton (D:12)
  5 goblin zombies (D:12)
  2 hobgoblin skeletons (D:12)
  A hobgoblin zombie (D:12)
  A jackal skeleton (D:8)
  11 kobolds
  2 leopard gecko skeletons
  2 orc skeletons (D:12)
  14 orc zombies (D:12)
  7 rats
  2 tentacles (Shoals:2)
1013 creatures vanquished.

Vanquished Creatures (collateral kills)
  A faun (Shoals:3)
1 creature vanquished.

Vanquished Creatures (others)
  A human (D:13)
  A hell rat (Lair:3)
  A shadow imp (D:15)
  A butterfly (Lair:3)
  5 fungi
  22 plants
  2 tentacles (Shoals:2)
33 creatures vanquished.

Grand Total: 1047 creatures vanquished

Notes
Turn   | Place    | Note
-------+----------+-------------------------------------------
     0 | D:1      | PeterMcNeter the Draconian Transmuter began the quest for
                  | the Orb.
     0 | D:1      | Reached XP level 1. HP: 16/16 MP: 3/3
    77 | D:1      | Reached XP level 2. HP: 23/23 MP: 5/5
   427 | D:1      | Reached skill level 2 in Dodging
   560 | D:1      | Reached XP level 3. HP: 28/28 MP: 6/6
   565 | D:1      | Learned a level 3 spell: Spider Form
  1051 | D:2      | HP: 4/28 [gnoll/+0 spear (5)]
  1313 | D:2      | Reached XP level 4. HP: 20/35 MP: 7/7
  1676 | D:2      | Reached skill level 1 in Shields
  1676 | D:2      | Reached skill level 3 in Transmutations
  1676 | D:2      | Reached XP level 5. HP: 19/41 MP: 7/9
  2135 | D:2      | Reached skill level 1 in Poison Magic
  2444 | D:2      | Noticed Jessica
  2446 | D:2      | Killed Jessica
  2446 | D:2      | Reached skill level 2 in Fighting
  2446 | D:2      | Reached skill level 3 in Spellcasting
  3203 | D:3      | Reached skill level 4 in Unarmed Combat
  3217 | D:2      | Reached XP level 6. HP: 29/48 MP: 10/10
  3347 | D:3      | HP: 5/48 [gnoll/+0 flail (9)]
  3713 | D:3      | Learned a level 4 spell: Ice Form
  3714 | D:4      | Noticed Menkaure
  3724 | D:4      | Killed Menkaure
  3724 | D:4      | Reached skill level 2 in Shields
  3777 | D:4      | Reached skill level 1 in Ice Magic
  3810 | D:4      | Noticed Sigmund
  4006 | D:4      | Reached skill level 2 in Poison Magic
  4010 | D:4      | Killed Sigmund
  4010 | D:4      | Reached skill level 4 in Transmutations
  4010 | D:4      | Your scales start taking on an icy white colour.
  4010 | D:4      | Reached skill level 2 in Ice Magic
  4010 | D:4      | Reached XP level 7. HP: 55/55 MP: 12/12
  4010 | D:4      | Gained mutation: Your flesh is cold resistant. (rC+) [White
                  | Draconian growth]
  4158 | D:4      | Found a shattered altar of Ashenzari.
  4195 | D:4      | Found a staircase to the Ecumenical Temple.
  4212 | Temple   | Entered the Ecumenical Temple
  4270 | Temple   | Became a worshipper of Cheibriados the Contemplative
  4825 | D:4      | Learned a level 5 spell: Blade Hands
  4826 | D:5      | Entered Level 5 of the Dungeon
  4973 | D:5      | Reached skill level 3 in Shields
  5012 | D:5      | Reached skill level 5 in Unarmed Combat
  5012 | D:5      | Reached skill level 4 in Spellcasting
  5012 | D:5      | Reached skill level 3 in Ice Magic
  5012 | D:5      | Reached XP level 8. HP: 49/61 MP: 9/14
  5048 | D:5      | Reached skill level 3 in Poison Magic
  5286 | D:5      | Reached * piety under Cheibriados
  5447 | D:6      | Found Vawkeac's Magic Scroll Shop.
  5452 | D:6      | Bought a scroll of identify for 26 gold pieces
  5452 | D:6      | Bought a scroll of identify for 26 gold pieces
  5452 | D:6      | Bought a scroll of remove curse for 39 gold pieces
  5452 | D:6      | Bought a scroll of identify for 26 gold pieces
  5452 | D:6      | Bought a scroll of teleportation for 39 gold pieces
  5452 | D:6      | Bought a scroll of magic mapping for 45 gold pieces
  5452 | D:6      | Bought a scroll of identify for 26 gold pieces
  5536 | D:6      | Reached skill level 5 in Transmutations
  5828 | D:6      | Noticed Blork the orc
  5896 | D:6      | Reached skill level 4 in Ice Magic
  6163 | D:6      | Reached skill level 4 in Shields
  6176 | D:6      | Killed Blork the orc
  6176 | D:6      | Reached skill level 4 in Poison Magic
  6298 | D:6      | Reached ** piety under Cheibriados
  6425 | D:6      | Reached skill level 5 in Spellcasting
  6524 | D:7      | Found a radiant altar of Vehumet.
  6552 | D:7      | Reached XP level 9. HP: 67/67 MP: 16/16
  6606 | D:7      | Reached skill level 6 in Unarmed Combat
  6743 | D:7      | Found a hide-covered altar of Uskayaw.
  6831 | D:7      | Found a shimmering altar of Xom.
  6953 | D:7      | Found an opulent altar of Gozag.
  7719 | D:8      | Found a deep blue altar of Sif Muna.
  7860 | D:8      | Reached skill level 6 in Transmutations
  8055 | D:8      | Reached skill level 5 in Ice Magic
  8078 | D:8      | Reached *** piety under Cheibriados
  8156 | D:8      | Reached skill level 1 in Evocations
  8434 | D:8      | Reached skill level 2 in Evocations
  8567 | D:8      | Reached skill level 6 in Spellcasting
  8663 | D:8      | Reached skill level 7 in Unarmed Combat
  8769 | D:9      | Reached skill level 7 in Transmutations
  8769 | D:9      | Reached skill level 3 in Evocations
  8856 | D:9      | HP: 13/66 [vampire (9)]
  8856 | D:9      | HP: 6/66 [hippogriff (3)]
  8865 | D:8      | Reached XP level 10. HP: 35/73 MP: 15/19
  9101 | D:9      | Noticed a two-headed ogre
  9105 | D:9      | HP: 16/73 [two-headed ogre/+0 giant spiked club (4)]
  9107 | D:9      | Killed a two-headed ogre
  9107 | D:9      | Reached **** piety under Cheibriados
  9107 | D:9      | Reached skill level 4 in Evocations
  9117 | D:9      | HP: 7/73 [wraith (13)]
  9444 | D:9      | Found Faergh's Jewellery Boutique.
  9474 | D:9      | Found a shimmering altar of Xom.
  9476 | D:9      | Found a shimmering altar of Xom.
  9476 | D:9      | Found a shimmering altar of Xom.
  9477 | D:9      | Found a shimmering altar of Xom.
  9698 | D:9      | Noticed a two-headed ogre
  9704 | D:9      | Killed a two-headed ogre
  9704 | D:9      | Reached skill level 3 in Fighting
  9704 | D:9      | Reached skill level 3 in Dodging
  9704 | D:9      | Reached skill level 8 in Unarmed Combat
  9704 | D:9      | Reached skill level 1 in Invocations
  9978 | D:9      | Found a bloodstained altar of Trog.
  9984 | D:9      | Reached skill level 2 in Invocations
 10053 | D:9      | Found a shimmering altar of Xom.
 10055 | D:9      | Found a shimmering altar of Xom.
 10297 | D:10     | Entered Level 10 of the Dungeon
 10302 | D:10     | Reached skill level 8 in Transmutations
 10578 | D:10     | Reached skill level 4 in Fighting
 10619 | D:10     | Reached ***** piety under Cheibriados
 10619 | D:10     | Reached skill level 3 in Invocations
 10645 | D:10     | Found Etirusotz's Weapon Shoppe.
 10664 | D:10     | Found a flagged portal.
 10701 | Bailey   | Entered a bailey
 10750 | Bailey   | Noticed a deep elf mage
 10770 | D:10     | Reached skill level 4 in Dodging
 10833 | D:10     | Noticed Maurice
 10842 | D:10     | Killed Maurice
 10857 | D:10     | Found a staircase to the Lair.
 10994 | D:10     | Reached XP level 11. HP: 79/85 MP: 14/20
 11165 | D:10     | Learned a level 4 spell: Summon Lightning Spire
 11211 | Lair:1   | Entered Level 1 of the Lair of Beasts
 11238 | Lair:1   | Reached skill level 4 in Invocations
 11363 | Lair:1   | Reached skill level 5 in Fighting
 11402 | Lair:1   | Reached skill level 9 in Unarmed Combat
 11784 | Lair:1   | Learned a level 2 spell: Sticks to Snakes
 11860 | Lair:1   | Reached skill level 5 in Dodging
 11860 | Lair:1   | Reached skill level 1 in Stealth
 11922 | Lair:1   | Learned a level 3 spell: Regeneration
 12224 | Lair:2   | Reached skill level 5 in Invocations
 12631 | Lair:2   | You fall through a shaft!
 12632 | Lair:3   | Noticed a seven-headed hydra
 12973 | Lair:2   | Reached skill level 2 in Stealth
 12975 | Lair:2   | Reached skill level 6 in Fighting
 13863 | Lair:2   | Reached skill level 3 in Stealth
 14285 | Lair:3   | HP: 14/91 [blink frog (18)]
 14291 | Lair:3   | Reached skill level 6 in Invocations
 14643 | Lair:3   | Reached skill level 6 in Dodging
 14646 | Lair:3   | Reached ****** piety under Cheibriados
 14792 | Lair:3   | Reached XP level 12. HP: 47/97 MP: 15/21
 14794 | Lair:3   | Reached skill level 7 in Fighting
 14821 | Lair:3   | HP: 37/150 [yak (6)]
 14827 | Lair:3   | HP: 23/150 [yak (9)]
 14829 | Lair:3   | Reached skill level 10 in Unarmed Combat
 14829 | Lair:3   | HP: 8/150 [yak (9)]
 14829 | Lair:3   | HP: 3/150 [hell rat (5)]
 14833 | Lair:3   | Reached skill level 4 in Stealth
 14834 | Lair:3   | HP: 1/150 [hell rat (11)]
 15332 | D:9      | Bought the ring "Atweyba" {+Blink rElec rN+ Int+4 Slay+4}
                  | for 662 gold pieces
 16009 | Lair:3   | Reached skill level 7 in Invocations
 16359 | Lair:4   | Noticed an ice dragon
 16385 | Lair:4   | Reached skill level 8 in Fighting
 16617 | Lair:4   | Noticed a seven-headed hydra
 16762 | Lair:4   | Reached skill level 7 in Dodging
 16817 | Lair:4   | Noticed Josephine
 16821 | Lair:4   | Killed Josephine
 16930 | Lair:4   | Reached skill level 8 in Invocations
 17067 | Lair:4   | Found a staircase to the Snake Pit.
 17550 | Lair:4   | Found a staircase to the Shoals.
 17558 | Lair:4   | Reached skill level 5 in Evocations
 17764 | Lair:5   | Noticed a seven-headed hydra
 17771 | Lair:5   | Killed a seven-headed hydra
 17783 | Lair:5   | Reached skill level 11 in Unarmed Combat
 17783 | Lair:5   | Reached XP level 13. HP: 109/110 MP: 17/22
 17789 | Lair:5   | Reached skill level 9 in Fighting
 18666 | Lair:5   | Reached skill level 8 in Dodging
 18875 | Lair:5   | Found a staircase to the Slime Pits.
 19120 | Lair:6   | Entered Level 6 of the Lair of Beasts
 19130 | Lair:6   | Reached skill level 9 in Invocations
 19143 | Lair:6   | Reached skill level 6 in Evocations
 20081 | Lair:6   | Reached skill level 10 in Fighting
 20424 | Lair:6   | Reached skill level 7 in Evocations
 20613 | Lair:6   | Reached skill level 10 in Invocations
 20638 | Lair:6   | Reached XP level 14. HP: 122/122 MP: 18/23
 20901 | Lair:6   | Gained mutation: Your magical capacity is low. (-10% MP)
                  | [potion of mutation]
 20901 | Lair:6   | Gained mutation: You are weak. (Str -2) [potion of
                  | mutation]
 20901 | Lair:6   | Gained mutation: You have sharp fingernails. [potion of
                  | mutation]
 20902 | Lair:6   | Lost mutation: Your magical capacity is low. (-10% MP)
                  | [potion of mutation]
 20902 | Lair:6   | Lost mutation: You have sharp fingernails. [potion of
                  | mutation]
 20902 | Lair:6   | Lost mutation: You are weak. (Str -2) [potion of mutation]
 20902 | Lair:6   | Gained mutation: You have a pair of small horns on your
                  | head. [potion of mutation]
 20902 | Lair:6   | Gained mutation: Your body sometimes deteriorates upon
                  | taking damage. [potion of mutation]
 20902 | Lair:6   | Gained mutation: Your spells are a little harder to cast,
                  | but a little more powerful. [potion of mutation]
 20903 | Lair:6   | Lost mutation: Your body sometimes deteriorates upon taking
                  | damage. [potion of mutation]
 20903 | Lair:6   | Lost mutation: You have a pair of small horns on your head.
                  | [potion of mutation]
 20903 | Lair:6   | Gained mutation: You have large cloven feet. [potion of
                  | mutation]
 20903 | Lair:6   | Gained mutation: You have supernaturally acute eyesight.
                  | (SInv) [potion of mutation]
 20903 | Lair:6   | Gained mutation: You evolve. [potion of mutation]
 21029 | D:11     | Reached skill level 9 in Dodging
 21439 | D:11     | Reached skill level 12 in Unarmed Combat
 22057 | D:12     | Found Feinib's Assorted Antiques.
 22065 | D:12     | Bought a scroll labeled XAOJUN MOEGUODGH for 32 gold pieces
 22204 | D:12     | Found a runed door.
 22278 | D:12     | Found a staircase to the Orcish Mines.
 22736 | D:12     | Noticed jerryfan's ghost (journeyman GrEE)
 22747 | D:12     | Killed jerryfan's ghost
 22804 | Orc:1    | Entered Level 1 of the Orcish Mines
 22814 | Orc:1    | Noticed an orc warlord
 22831 | D:12     | Killed an orc warlord
 22845 | Orc:1    | Reached skill level 8 in Evocations
 22906 | Orc:1    | Reached skill level 11 in Fighting
 23009 | Orc:2    | Entered Level 2 of the Orcish Mines
 23095 | Orc:2    | Noticed an orc warlord
 23106 | Orc:2    | Killed an orc warlord
 23248 | Orc:2    | Found a roughly hewn altar of Beogh.
 23249 | Orc:2    | Found Weileged's Gadget Boutique.
 23273 | Orc:2    | Found a bloodstained altar of Trog.
 23609 | Orc:2    | Noticed an orc warlord
 23650 | Orc:2    | Killed an orc warlord
 23653 | Orc:2    | Reached skill level 11 in Invocations
 23959 | Orc:2    | Found Lomidil's Antique Weapon Shoppe.
 23969 | Orc:2    | Found a roughly hewn altar of Beogh.
 23970 | Orc:2    | Found Saiwawuy's Antique Armour Emporium.
 23984 | Orc:2    | Bought a pair of glowing boots for 232 gold pieces
 23984 | Orc:2    | Bought an embroidered scarf for 248 gold pieces
 24157 | Orc:2    | Found a staircase to the Elven Halls.
 24291 | Orc:2    | Paralysed by an orc sorcerer for 4 turns
 24297 | Orc:2    | Found a roughly hewn altar of Beogh.
 24401 | Orc:2    | Found Gopuahi's Armour Emporium.
 24425 | Orc:2    | Found a roughly hewn altar of Beogh.
 24452 | Orc:2    | Found a roughly hewn altar of Beogh.
 24524 | Orc:1    | Noticed a stone giant
 24537 | Orc:2    | Killed a stone giant
 24865 | Orc:2    | HP: 31/124 [orc wizard/+0 dagger (3)]
 25182 | Orc:1    | Found a bloodstained altar of Trog.
 25417 | D:13     | Reached skill level 10 in Dodging
 26005 | D:13     | Reached XP level 15. HP: 132/132 MP: 18/24
 26269 | D:13     | Reached skill level 12 in Fighting
 26401 | D:13     | Found a gate to the Vaults.
 26564 | D:14     | Reached skill level 13 in Unarmed Combat
 26881 | D:14     | Reached skill level 1 in Necromancy
 26900 | D:14     | Reached skill level 1 in Charms
 27148 | D:14     | Found a deep blue altar of Sif Muna.
 27248 | D:14     | Found an iron altar of Okawaru.
 27280 | D:14     | Got a pair of scorched boots
 27291 | D:14     | Identified the +2 pair of boots of Dithmenos's Esteem {+Inv
                  | rC- Int+9} (You found it on level 14 of the Dungeon)
 27486 | D:14     | Reached skill level 2 in Necromancy
 27515 | D:14     | Found a shimmering altar of Xom.
 27677 | D:15     | Entered Level 15 of the Dungeon
 27680 | D:15     | Reached skill level 2 in Charms
 27744 | D:15     | Noticed Louise
 27754 | D:15     | Reached skill level 12 in Invocations
 27765 | D:15     | Killed Louise
 27782 | D:15     | Reached skill level 3 in Necromancy
 27863 | D:15     | Found a staircase to the Depths.
 27878 | D:15     | Reached skill level 3 in Charms
 28276 | D:15     | Learned a level 4 spell: Petrify
 28379 | D:11     | Gained mutation: You rapidly evolve. [evolution]
 28379 | D:11     | Lost mutation: You rapidly evolve. [decline of evolution]
 28486 | Shoals:1 | Entered Level 1 of the Shoals
 28679 | Shoals:1 | Reached skill level 4 in Necromancy
 28681 | Shoals:1 | Reached skill level 11 in Dodging
 28839 | Shoals:1 | Found a large runed door.
 28839 | Shoals:1 | Found a large runed door.
 28842 | Shoals:1 | Noticed Aczak's ghost (adept MfBe)
 28925 | Shoals:1 | Reached skill level 4 in Charms
 29628 | Shoals:1 | Killed Aczak's ghost
 29669 | Shoals:2 | Noticed Ilsuiw
 29676 | Shoals:2 | Reached skill level 7 in Spellcasting
 29678 | Shoals:2 | Reached XP level 16. HP: 127/139 MP: 18/26
 29687 | Shoals:2 | Killed Ilsuiw
 29687 | Shoals:2 | Reached skill level 5 in Necromancy
 29702 | Shoals:2 | HP: 19/139 [faun/+0 spear (20)]
 30111 | Shoals:2 | HP: 25/139 [sea snake (45)]
 30112 | Shoals:2 | Reached skill level 5 in Charms
 30129 | Shoals:2 | HP: 27/139 [death yak[Polyphemus] (27)]
 30133 | Shoals:2 | HP: 11/139 [death yak[Polyphemus] (20)]
 30197 | Shoals:2 | Noticed Polyphemus
 30202 | Shoals:2 | Reached skill level 14 in Unarmed Combat
 30208 | Shoals:2 | Killed Polyphemus
 30394 | Shoals:2 | Found Viat's Armour Emporium.
 30546 | Shoals:2 | Found Koja's Jewellery Shop.
 30676 | Shoals:2 | Noticed a kraken
 30684 | Shoals:2 | Killed a kraken
 30684 | Shoals:2 | Reached skill level 6 in Necromancy
 31000 | Shoals:3 | Identified 4 scrolls of acquirement
 31005 | Shoals:3 | Got a steaming copper amulet
 31007 | Shoals:3 | Identified the amulet "Paikly" {Harm *Drain rF+ MR+} (You
                  | acquired it on level 3 of the Shoals)
 31035 | Shoals:3 | Got a twitching diamond amulet
 31037 | Shoals:3 | Identified the amulet "Iggol" {Harm *Drain rC+} (You
                  | acquired it on level 3 of the Shoals)
 31269 | Shoals:3 | Reached skill level 8 in Spellcasting
 31376 | Shoals:3 | HP: 17/139 [merfolk aquamancer/torrent of water (30)]
 31379 | Shoals:3 | Reached skill level 6 in Charms
 31381 | Shoals:3 | HP: 21/139 [satyr/sling bullet (19)]
 31382 | Shoals:3 | HP: 1/139 [manticore (16)]
 31795 | Shoals:3 | Gained mutation: You have a beak for a mouth. [evolution]
 32213 | Shoals:4 | Entered Level 4 of the Shoals
 32425 | Shoals:4 | HP: 26/139 [merfolk impaler/+3 trident of flaming (14)]
 32427 | Shoals:4 | HP: 8/139 [merfolk impaler/+3 trident of flaming (7)]
 32427 | Shoals:4 | HP: 2/139 [merfolk impaler/+3 trident of flaming (2)]
 32428 | Shoals:4 | Mangled by a merfolk impaler

Vault maps used:
D:1:      dpeg_arrival_water_temple_mockup, minmay_box_of_dots
D:2:      minmay_recursive_quarters, uniq_jessica
D:4:      ashenzari_conservatory_becter, minmay_temple_entry_drinking_statues,
          first_ration, uniq_menkaure, uniq_sigmund
D:6:      serial_shops, nicolae_shop_statue_plus, minmay_diced_spiral,
          uniq_blork_the_orc
D:7:      nicolae_overflow_crystal_walls, vehumet_statue, lemuel_round_altar,
          basic_altar, hangedman_decor_clover_reticule
D:8:      old_standard_altar
D:9:      trog_eyes_of_draining, serial_shops,
          nicolae_shop_competitors_out_of_business, xom_shifter_show
D:10:     lair_entry_dummy, enter_bailey_3, serial_shops, shop, the_bakery,
          uniq_maurice
D:11:     special_room
D:12:     zombieorc2_lemuel, ebering_ghost_reflecting_pool, serial_shops,
          nicolae_shop_stone
D:13:     ximxim_vaults_locker_room, serial_bayou, serial_bayou_shore_a,
          serial_bayou_pond_b, serial_bayou_lagoon_b, serial_bayou_pond_c
D:14:     evilmike_iron_armoury, basic_altar, lemuel_coloured_pillars_altar,
          minivault_11, serial_park_tiny_pond
D:15:     hangedman_depths_entry_try_elsewhere_first,
          chequers_serial_rivers_micro_e, uniq_louise
Temple:   nicolae_temple_elliptical
Lair:1:   infiniplex_staircase_pool
Lair:3:   lemuel_fruit_fields
Lair:4:   minmay_shoals_entry_hut, guppyfry_snake_entry_garden, ice2_lemuel,
          grunt_megastairs_5, uniq_josephine
Lair:5:   dpeg_slime_entry_corner, grunt_megastairs_1, serial_bayou_shore_b
Lair:6:   minmay_lair_end_enchanted_forest
Shoals:1: ebering_ghost_disaster_area
Shoals:2: minmay_shop_enchanted_jewellery, nicolae_shoals_c_island,
          uniq_polyphemus, uniq_ilsuiw
Shoals:4: shoals_end_grunt_ice
Orc:1:    basic_altar
Orc:2:    grunt_orc_community_town_hall, grunt_orc_community_big_house_1,
          grunt_orc_community_big_house_1, grunt_orc_community_house_2,
          grunt_orc_community_house_2, grunt_orc_community_house_3,
          grunt_orc_community_house_2, basic_altar
Bailey:   bailey_polearm_3, bailey

Skill      XL: |  1  2  3  4  5  6  7  8  9 10 11 12 13 14 15 16 |
---------------+-------------------------------------------------+-----
Dodging        | 2 4 6 7 8 10 11 | 11.9
Shields        | 1 2 3 4 |  4.0
Transmutations | 3 4 5 7 8 |  8.0
Poison Magic   | 1 2 4 |  4.0
Fighting       | 2 4 6 8 10 11 12 | 12.0
Spellcasting   | 3 4 5 6 7 8 |  8.3
Unarmed Combat | 4 5 7 8 9 11 12 13 14 | 14.4
Ice Magic      | 2 3 4 5 |  5.0
Evocations     | 3 4 5 7 8 |  8.0
Invocations    | 3 6 8 10 11 12 | 12.0
Stealth        | 3 4 |  4.0
Necromancy     | 4 6 |  6.9
Charms         | 4 6 |  6.4

Action                   |  1- 3 |  4- 6 |  7- 9 | 10-12 | 13-15 | 16-18 || total
-------------------------+-------+-------+-------+-------+-------+-------++-------
Melee: Unarmed           |    20 |    21 |   326 |   467 |  1052 |   247 ||  2133
       Tailslap          |     6 |       |    40 |   108 |   204 |    70 ||   428
       Punch             |       |       |       |    16 |    71 |    11 ||    98
       Kick              |       |       |       |       |    64 |       ||    64
       Peck              |       |       |       |       |       |    14 ||    14
 Fire: Hunting sling     |    92 |   197 |   225 |       |       |       ||   514
 Cast: Spider Form       |       |       |     8 |       |       |       ||     8
       Ice Form          |       |       |     5 |       |       |       ||     5
       Blade Hands       |       |       |     1 |    56 |   111 |    17 ||   185
       Sticks to Snakes  |       |       |       |     1 |       |     3 ||     4
       Regeneration      |       |       |       |       |    10 |    33 ||    43
 Abil: Breathe Frost     |       |       |     1 |     4 |       |       ||     5
Evoke: Wand              |       |       |       |    13 |    10 |    15 ||    38
  Use: Scroll            |       |     7 |     7 |     5 |    18 |    11 ||    48
       Potion            |       |     3 |     3 |     9 |     5 |     7 ||    27
 Stab: Sleeping          |       |       |       |     9 |    10 |     1 ||    20
       Distracted        |       |       |       |       |     3 |       ||     3
  Eat: Chunk             |       |     9 |    14 |    44 |    47 |     6 ||   120
       Ration            |       |       |       |     2 |       |       ||     2
Armor: Skin              |    29 |    45 |    96 |    98 |   272 |   115 ||   655
Dodge: Dodged            |    50 |    67 |   260 |   324 |  1184 |   425 ||  2310
Block: Buckler           |     7 |    18 |    83 |    56 |    59 |    57 ||   280
       Other             |       |       |       |     2 |       |       ||     2

Table legend:
 A = Non-vault XP
 B = Vault XP
 C = Vault XP percentage of total XP
 D = Non-vault monster count
 E = Vault monster count
 F = Vault count percentage of total count
                 A         B        C        D         E       F
            +---------+---------+-------+---------+---------+-------
      Total |  145468 |   57152 |  28.2 |     733 |     277 |  27.4
            +---------+---------+-------+---------+---------+-------
        D:1 |      62 |       0 |   0.0 |      29 |       0 |   0.0
        D:2 |     186 |      77 |  29.3 |      26 |       8 |  23.5
        D:3 |     103 |       0 |   0.0 |      22 |       0 |   0.0
        D:4 |     386 |     395 |  50.6 |      16 |       2 |  11.1
        D:5 |     753 |       0 |   0.0 |      18 |       0 |   0.0
        D:6 |     707 |     127 |  15.2 |      24 |       2 |   7.7
        D:7 |     477 |       0 |   0.0 |      10 |       0 |   0.0
        D:8 |    2200 |       0 |   0.0 |      36 |       0 |   0.0
        D:9 |    2909 |     123 |   4.1 |      19 |       3 |  13.6
       D:10 |    1764 |     728 |  29.2 |      26 |       6 |  18.8
       D:11 |    2997 |    1056 |  26.1 |      28 |      24 |  46.2
       D:12 |    5845 |    1791 |  23.5 |      32 |      37 |  53.6
       D:13 |    8816 |    3356 |  27.6 |      33 |      14 |  29.8
       D:14 |    5353 |    5078 |  48.7 |      29 |      17 |  37.0
       D:15 |   11683 |    4817 |  29.2 |      36 |       5 |  12.2
     Lair:1 |    3968 |       0 |   0.0 |      20 |       0 |   0.0
     Lair:2 |    4186 |       0 |   0.0 |      23 |       0 |   0.0
     Lair:3 |    5201 |    1445 |  21.7 |      29 |       3 |   9.4
     Lair:4 |    5008 |    5739 |  53.4 |      20 |      24 |  54.5
     Lair:5 |    7439 |    2372 |  24.2 |      22 |       6 |  21.4
     Lair:6 |   12828 |    8230 |  39.1 |      47 |      43 |  47.8
   Shoals:1 |   13794 |    2339 |  14.5 |      33 |       1 |   2.9
   Shoals:2 |   23647 |   10553 |  30.9 |      43 |      10 |  18.9
   Shoals:3 |   12981 |       0 |   0.0 |      27 |       0 |   0.0
   Shoals:4 |    2631 |    2204 |  45.6 |       5 |       3 |  37.5
      Orc:1 |    2384 |     136 |   5.4 |      32 |       2 |   5.9
      Orc:2 |    7160 |    6586 |  47.9 |      48 |      67 |  58.3
            +---------+---------+-------+---------+---------+-------

Vault maps used:
D:1:      dpeg_arrival_water_temple_mockup, minmay_box_of_dots
D:2:      minmay_recursive_quarters, uniq_jessica
D:4:      ashenzari_conservatory_becter, minmay_temple_entry_drinking_statues,
          first_ration, uniq_menkaure, uniq_sigmund
D:6:      serial_shops, nicolae_shop_statue_plus, minmay_diced_spiral,
          uniq_blork_the_orc
D:7:      nicolae_overflow_crystal_walls, vehumet_statue, lemuel_round_altar,
          basic_altar, hangedman_decor_clover_reticule
D:8:      old_standard_altar
D:9:      trog_eyes_of_draining, serial_shops,
          nicolae_shop_competitors_out_of_business, xom_shifter_show
D:10:     lair_entry_dummy, enter_bailey_3, serial_shops, shop, the_bakery,
          uniq_maurice
D:11:     special_room
D:12:     zombieorc2_lemuel, ebering_ghost_reflecting_pool, serial_shops,
          nicolae_shop_stone
D:13:     ximxim_vaults_locker_room, serial_bayou, serial_bayou_shore_a,
          serial_bayou_pond_b, serial_bayou_lagoon_b, serial_bayou_pond_c
D:14:     evilmike_iron_armoury, basic_altar, lemuel_coloured_pillars_altar,
          minivault_11, serial_park_tiny_pond
D:15:     hangedman_depths_entry_try_elsewhere_first,
          chequers_serial_rivers_micro_e, uniq_louise
Temple:   nicolae_temple_elliptical
Lair:1:   infiniplex_staircase_pool
Lair:3:   lemuel_fruit_fields
Lair:4:   minmay_shoals_entry_hut, guppyfry_snake_entry_garden, ice2_lemuel,
          grunt_megastairs_5, uniq_josephine
Lair:5:   dpeg_slime_entry_corner, grunt_megastairs_1, serial_bayou_shore_b
Lair:6:   minmay_lair_end_enchanted_forest
Shoals:1: ebering_ghost_disaster_area
Shoals:2: minmay_shop_enchanted_jewellery, nicolae_shoals_c_island,
          uniq_polyphemus, uniq_ilsuiw
Shoals:4: shoals_end_grunt_ice
Orc:1:    basic_altar
Orc:2:    grunt_orc_community_town_hall, grunt_orc_community_big_house_1,
          grunt_orc_community_big_house_1, grunt_orc_community_house_2,
          grunt_orc_community_house_2, grunt_orc_community_house_3,
          grunt_orc_community_house_2, basic_altar
Bailey:   bailey_polearm_3, bailey

Table legend:
 A = Turns spent in this place as a percentage of turns spent in the entire game.
 B = Non-inter-level travel turns spent in this place as a percentage of non-inter-level travel turns spent in the entire game.
 C = Inter-level travel turns spent in this place as a percentage of turns spent in this place.
 D = Turns resting spent in this place as a percentage of non-inter-level travel turns spent in this place.
 E = Turns spent auto-exploring this place as a percentage of non-inter-level travel turns spent in this place.
 F = Non-inter-level travel turns spent in this place divided by the number of levels of this place that you've seen.
                   A       B       C       D       E      F
               +-------+-------+-------+-------+-------+----------------------
         Total | 100.0 | 100.0 |   5.0 |  28.5 |  51.6 | 1062.2
       Dungeon |  49.4 |  49.5 |   4.7 |  19.8 |  59.5 | 1016.9
        Temple |   0.2 |   0.1 |  44.3 |   0.0 |  92.3 |  39.0
          Lair |  31.1 |  30.5 |   6.7 |  40.9 |  43.4 | 1567.0
        Shoals |  11.3 |  11.6 |   2.2 |  23.2 |  50.8 | 893.0
  Orcish Mines |   7.9 |   8.1 |   3.3 |  42.1 |  35.7 | 1242.5
        Bailey |   0.2 |   0.2 |   0.0 |  83.0 |   0.0 |  53.0
               +-------+-------+-------+-------+-------+----------------------

Table legend:
 A = Kills in this place as a percentage of kills in entire the game.
 B = Kills by you in this place as a percentage of kills by you in the entire game.
 C = Kills by friends in this place as a percentage of kills by friends in the entire game.
 D = Other kills in this place as a percentage of other kills in the entire game.
 E = Experience gained in this place as a percentage of experience gained in the entire game.
 F = Experience gained in this place divided by the number of levels of this place that you have seen.
                   A       B       C       D       E      F
               +-------+-------+-------+-------+-------+----------------------
         Total | 100.0 | 100.0 | 100.0 | 100.0 | 100.0 | 6986.9
       Dungeon |  49.7 |  49.8 |   0.0 |   0.0 |  30.5 | 4119.3
          Lair |  23.5 |  23.4 |   0.0 | 100.0 |  27.8 | 9402.7
        Shoals |  12.1 |  12.0 | 100.0 |   0.0 |  33.6 | 17037.2
  Orcish Mines |  14.8 |  14.8 |   0.0 |   0.0 |   8.0 | 8133.0
               +-------+-------+-------+-------+-------+----------------------
